3R
GREENPORT HARBOR WHALES @ QUEBEC ROOKIES
05/10/2034
 
TOP OF THE 1ST
Greenport Harbor Whales batting - Pitching for Quebec Rookies : RHP Pi-ao Tsao
Pitching: RHP Pi-ao Tsao
Batting: SHB Ricardo Ríos 0-0: Ball
1-0: Fly out, F5 (Popup, 56S)
Batting: RHB Javier Botín 0-0: Foul Ball, location: 2F
0-1: Foul Ball, location: 2F
0-2: Foul Ball, location: 2F
0-2: Ball
1-2: Foul Ball, location: 2F
1-2: Ball
2-2: Foul Ball, location: 2F
2-2: Foul Ball, location: 2F
2-2: Foul Ball, location: 2F
2-2: Strikes out swinging
Batting: RHB Alexis Hines 0-0: Ball
1-0: Ground out 1-3 (Groundball, 13)
Top of the 1st over - 0 runs, 0 hits, 0 errors, 0 left on base; Greenport 0 - Quebec 0
BOTTOM OF THE 1ST
Quebec Rookies batting - Pitching for Greenport Harbor Whales : LHP Félix Cordero
Pitching: LHP Félix Cordero
Batting: RHB Justin Hunt 0-0: Ball
1-0: Ball
2-0: Foul Ball, location: 2F
2-1: Ball
3-1: Foul Ball, location: 2F
3-2: Ground out U3 (Groundball, 34)
Batting: RHB Jesús Gómez 0-0: Called Strike
0-1: Ball
1-1: Foul Ball, location: 2F
1-2: Fly out, F5 (Popup, 15S)
Batting: RHB Christian Patriarche 0-0: Called Strike
0-1: Foul Ball, location: 2F
0-2: Foul Ball, location: 2F
0-2: Ground out 6-3 (Groundball, 6)
Bottom of the 1st over - 0 runs, 0 hits, 0 errors, 0 left on base; Greenport 0 - Quebec 0
TOP OF THE 2ND
Greenport Harbor Whales batting - Pitching for Quebec Rookies : RHP Pi-ao Tsao
Batting: RHB Pung-cho Chang 0-0: Called Strike
0-1: Foul Ball, location: 2F
Error on foul ball, E3
0-2: Ball
1-2: Foul Ball, location: 2F
1-2: Ball
2-2: Ball
3-2: Foul Ball, location: 2F
3-2: Ground out 5-3 (Groundball, 56S)
Batting: RHB Jung-keun Kim 0-0: Ball
1-0: Fly out, F8 (Flyball, 8RS)
Batting: RHB Jon Walker 0-0: Reached on error, E3 (Groundball, 34)
Batting: SHB Cal Ellis 0-0: Ball
1-0: Called Strike
1-1: Ball
2-1: SINGLE (Flyball, 9LS)
Jon Walker to third
Runner from 3rd tries for Home, SAFE, no throw
Batting: RHB Hae-young Kwak 0-0: Called Strike
0-1: Ball
1-1: Ball
2-1: Foul Ball, location: 2F
2-2: Foul Ball, location: 2F
2-2: Strikes out looking
Top of the 2nd over - 1 run, 1 hit, 2 errors, 1 left on base; Greenport 1 - Quebec 0
BOTTOM OF THE 2ND
Quebec Rookies batting - Pitching for Greenport Harbor Whales : LHP Félix Cordero
Batting: RHB Alejandro Córdova 0-0: Foul Ball, location: 2F
0-1: Foul Ball, location: 2F
0-2: Ball
1-2: Fly out, F8 (Flyball, 8LM)
Batting: LHB Keith Pick 0-0: SINGLE (Groundball, 56S) (infield hit)
Batting: RHB António Sánchez 0-0: Ball
1-0: Ground out 5-3 (Groundball, 56S)
Keith Pick to second
Batting: SHB Marx Vink 0-0: Ball
1-0: Ball
2-0: Called Strike
2-1: Fly out, F5 (Line Drive, 5)
Bottom of the 2nd over - 0 runs, 1 hit, 0 errors, 1 left on base; Greenport 1 - Quebec 0
TOP OF THE 3RD
Greenport Harbor Whales batting - Pitching for Quebec Rookies : RHP Pi-ao Tsao
Batting: RHB Javier Soriano 0-0: Ball
1-0: Swinging Strike
1-1: Ball
2-1: Foul Ball, location: 2F
2-2: Foul Ball, location: 2F
2-2: Strikes out swinging
Batting: SHB Ricardo Ríos 0-0: Called Strike
0-1: Fly out, F8 (Line Drive, 8LD)
Batting: RHB Javier Botín 0-0: Foul Ball, location: 2F
0-1: Called Strike
0-2: Ball
1-2: Fly out, F8 (Flyball, 8RM)
Top of the 3rd over - 0 runs, 0 hits, 0 errors, 0 left on base; Greenport 1 - Quebec 0
BOTTOM OF THE 3RD
Quebec Rookies batting - Pitching for Greenport Harbor Whales : LHP Félix Cordero
Batting: RHB Punisa Tukovic 0-0: Called Strike
0-1: Foul Ball, location: 2F
0-2: Foul Ball, location: 2F
0-2: Strikes out looking
Batting: RHB Joe Morris 0-0: Swinging Strike
0-1: Swinging Strike
0-2: Ball
1-2: Strikes out swinging
Batting: RHB Justin Hunt 0-0: Ball
1-0: Called Strike
1-1: Ball
2-1: SINGLE (Flyball, 8LS)
Batting: RHB Jesús Gómez 0-0: Ball
1-0: Ball
2-0: 2-RUN HOME RUN (Flyball, 7LD), Distance : 363 ft
Batting: RHB Christian Patriarche 0-0: Ball
1-0: Ball
2-0: Ball
3-0: Base on Balls
Batting: RHB Alejandro Córdova 0-0: Called Strike
0-1: Foul Ball, location: 2F
0-2: Ball
1-2: Ball
2-2: Fly out, F8 (Flyball, 8LS)
Bottom of the 3rd over - 2 runs, 2 hits, 0 errors, 1 left on base; Greenport 1 - Quebec 2
TOP OF THE 4TH
Greenport Harbor Whales batting - Pitching for Quebec Rookies : RHP Pi-ao Tsao
Batting: RHB Alexis Hines 0-0: Swinging Strike
0-1: Foul Ball, location: 2F
0-2: Ball
1-2: Strikes out swinging
Batting: RHB Pung-cho Chang 0-0: Fly out, F9 (Flyball, 9S)
Batting: RHB Jung-keun Kim 0-0: Ground out 5-3 (Groundball, 25)
Top of the 4th over - 0 runs, 0 hits, 0 errors, 0 left on base; Greenport 1 - Quebec 2
BOTTOM OF THE 4TH
Quebec Rookies batting - Pitching for Greenport Harbor Whales : LHP Félix Cordero
Batting: LHB Keith Pick 0-0: Ball
1-0: Foul Ball, location: 2F
1-1: Fly out, F7 (Line Drive, 7)
Pitching: RHP Alonso Rodríguez
Batting: RHB António Sánchez 0-0: Ball
1-0: SINGLE (Groundball, 34D)
Batting: SHB Marx Vink 0-0: Ball
1-0: Ball
2-0: Ball
3-0: Called Strike
3-1: Foul Ball, location: 2F
3-2: Grounds into double play, 4-6-3 (Groundball, 4)
Bottom of the 4th over - 0 runs, 1 hit, 0 errors, 0 left on base; Greenport 1 - Quebec 2
TOP OF THE 5TH
Greenport Harbor Whales batting - Pitching for Quebec Rookies : RHP Pi-ao Tsao
Batting: RHB Jon Walker 0-0: Called Strike
0-1: Called Strike
0-2: Ball
1-2: Strikes out swinging
Batting: SHB Cal Ellis 0-0: Ball
1-0: Ball
2-0: Ball
3-0: Called Strike
3-1: Swinging Strike
3-2: Foul Ball, location: 2F
3-2: Base on Balls
Batting: RHB Hae-young Kwak 0-0: Fly out, F6 (Popup, 6)
Batting: RHB Javier Soriano 0-0: Called Strike
0-1: Ball
1-1: Called Strike
1-2: Foul Ball, location: 2F
1-2: Ball
2-2: Ball
3-2: Fly out, F8 (Flyball, 8LD)
Top of the 5th over - 0 runs, 0 hits, 0 errors, 1 left on base; Greenport 1 - Quebec 2
BOTTOM OF THE 5TH
Quebec Rookies batting - Pitching for Greenport Harbor Whales : RHP Alonso Rodríguez
Batting: RHB Punisa Tukovic 0-0: Called Strike
0-1: Ball
1-1: Ball
2-1: Foul Ball, location: 2F
2-2: Strikes out swinging
Batting: RHB Joe Morris 0-0: Called Strike
0-1: Called Strike
0-2: Strikes out swinging
Batting: RHB Justin Hunt 0-0: Ball
1-0: Foul Ball, location: 2F
1-1: Ball
2-1: Fly out, F4 (Popup, 4M)
Bottom of the 5th over - 0 runs, 0 hits, 0 errors, 0 left on base; Greenport 1 - Quebec 2
TOP OF THE 6TH
Greenport Harbor Whales batting - Pitching for Quebec Rookies : RHP Pi-ao Tsao
Batting: SHB Ricardo Ríos 0-0: Ball
1-0: Called Strike
1-1: Foul Ball, location: 2F
1-2: Ball
2-2: Ball
3-2: Strikes out swinging
Batting: RHB Javier Botín 0-0: Ball
1-0: Ground out 6-3 (Groundball, 6M)
Batting: RHB Alexis Hines 0-0: Ball
1-0: Called Strike
1-1: Ball
2-1: Swinging Strike
2-2: Fly out, F9 (Flyball, 9)
Top of the 6th over - 0 runs, 0 hits, 0 errors, 0 left on base; Greenport 1 - Quebec 2
BOTTOM OF THE 6TH
Quebec Rookies batting - Pitching for Greenport Harbor Whales : RHP Alonso Rodríguez
Batting: RHB Jesús Gómez 0-0: Foul Ball, location: 2F
0-1: Ball
1-1: Foul Ball, location: 2F
1-2: Foul Ball, location: 2F
1-2: Ball
2-2: Strikes out swinging
Batting: RHB Christian Patriarche 0-0: Ball
1-0: Ground out 1-3 (Groundball, 15)
Batting: RHB Alejandro Córdova 0-0: Ball
1-0: Ball
2-0: Ball
3-0: Base on Balls
Pitching: RHP Orinosuke Sato
Batting: LHB Keith Pick 0-0: Ball
Alejandro Córdova is caught stealing 2nd base
Bottom of the 6th over - 0 runs, 0 hits, 0 errors, 0 left on base; Greenport 1 - Quebec 2
TOP OF THE 7TH
Greenport Harbor Whales batting - Pitching for Quebec Rookies : RHP Pi-ao Tsao
Batting: RHB Pung-cho Chang 0-0: Ball
1-0: Called Strike
1-1: Ball
2-1: Foul Ball, location: 2F
2-2: Foul Ball, location: 2F
2-2: Foul Ball, location: 2F
2-2: DOUBLE (Groundball, 5L)
Batting: RHB Jung-keun Kim 0-0: Called Strike
0-1: Foul Ball, location: 2F
0-2: Strikes out swinging, 2-3 out at first.
Pinch Hitting: LHB Jun Yang 0-0: Foul Ball, location: 2F
0-1: Ball
1-1: SINGLE (Flyball, 78M)
Pung-cho Chang to third
Runner from 3rd tries for Home, SAFE, no throw
Batting: SHB Cal Ellis 0-0: Called Strike
0-1: Ground out U3 (Groundball, 34)
Jun Yang to second
Pitching: RHP Scott Martin
Batting: RHB Hae-young Kwak 0-0: Swinging Strike
0-1: Called Strike
0-2: Ball
1-2: Ball
2-2: Strikes out swinging
Top of the 7th over - 1 run, 2 hits, 0 errors, 1 left on base; Greenport 2 - Quebec 2
BOTTOM OF THE 7TH
Quebec Rookies batting - Pitching for Greenport Harbor Whales : RHP Orinosuke Sato
Now at 1B: Michael Rideout
Batting: LHB Keith Pick 0-0: Ball
1-0: Foul Ball, location: 2F
1-1: Foul Ball, location: 2F
1-2: Foul Ball, location: 2F
1-2: Ball
2-2: Ball
3-2: Fly out, F5 (Line Drive, 5)
Batting: RHB António Sánchez 0-0: Called Strike
0-1: SINGLE (Groundball, 6MD)
Batting: SHB Marx Vink 0-0: Foul Ball, location: 2F
0-1: Ball
1-1: Ball
2-1: Ball
3-1: Base on Balls
António Sánchez to second
Batting: RHB Punisa Tukovic 0-0: Ball
1-0: Fly out, F4 (Popup, 4M)
Pinch Hitting: RHB Rien Provoost 0-0: Foul Ball, location: 2F
0-1: Called Strike
0-2: Strikes out looking
Bottom of the 7th over - 0 runs, 1 hit, 0 errors, 2 left on base; Greenport 2 - Quebec 2
TOP OF THE 8TH
Greenport Harbor Whales batting - Pitching for Quebec Rookies : RHP Scott Martin
Now at 1B: Rien Provoost
Batting: RHB Javier Soriano 0-0: Swinging Strike
0-1: Ball
1-1: Swinging Strike
1-2: Ball
2-2: Ball
3-2: DOUBLE (Flyball, 8LXD)
Batting: SHB Ricardo Ríos 0-0: Intentional Walk
Pinch Hitting: RHB Ian Sankey 0-0: Bunted foul
0-1: Bunt - Flyout! F1
Batting: RHB Alexis Hines 0-0: Called Strike
0-1: Ball
1-1: Swinging Strike
1-2: Strikes out swinging
Batting: RHB Pung-cho Chang 0-0: Called Strike
0-1: Fly out, F5 (Line Drive, 56)
Top of the 8th over - 0 runs, 1 hit, 0 errors, 2 left on base; Greenport 2 - Quebec 2
BOTTOM OF THE 8TH
Quebec Rookies batting - Pitching for Greenport Harbor Whales : RHP Orinosuke Sato
Now in LF: Francisco Torres
Batting: RHB Justin Hunt 0-0: Called Strike
0-1: Ball
1-1: Ball
2-1: Foul Ball, location: 2F
2-2: Foul Ball, location: 2F
2-2: SINGLE (Line Drive, 6M)
Batting: RHB Jesús Gómez 0-0: Swinging Strike
0-1: Foul Ball, location: 2F
0-2: Ball
1-2: Foul Ball, location: 2F
1-2: Fly out, F7 (Flyball, 78M)
Batting: RHB Christian Patriarche 0-0: Called Strike
0-1: Swinging Strike
0-2: Strikes out swinging
Batting: RHB Alejandro Córdova 0-0: Fly out, F6 (Popup, 56)
Bottom of the 8th over - 0 runs, 1 hit, 0 errors, 1 left on base; Greenport 2 - Quebec 2
TOP OF THE 9TH
Greenport Harbor Whales batting - Pitching for Quebec Rookies : RHP Scott Martin
Pitching: RHP Ernest Howe
Batting: RHB Jung-keun Kim 0-0: Swinging Strike
0-1: Ball
1-1: Ball
2-1: Reached on error, E5 (Groundball, 56S)
Batting: RHB Michael Rideout 0-0: SINGLE (Groundball, 6MD)
Jung-keun Kim to third
Batting: SHB Cal Ellis 0-0: Fly out, F9 (Flyball, 89S)
Runner from 3rd tags up, SCORES, no throw
Batting: RHB Hae-young Kwak 0-0: Ball
1-0: Ball
2-0: Foul Ball, location: 2F
2-1: Ball
3-1: Foul Ball, location: 2F
3-2: Base on Balls
Michael Rideout to second
Pinch Hitting: RHB Kent Potter 0-0: Ball
1-0: Foul Ball, location: 2F
1-1: Swinging Strike
1-2: Grounds into double play, 6-4-3 (Groundball, 56)
Top of the 9th over - 1 run, 1 hit, 1 error, 1 left on base; Greenport 3 - Quebec 2
BOTTOM OF THE 9TH
Quebec Rookies batting - Pitching for Greenport Harbor Whales : RHP Orinosuke Sato
Pitching: LHP Weon Kim
Now at C: Kent Potter
Batting: LHB Keith Pick 0-0: Called Strike
0-1: Foul Ball, location: 2F
0-2: SINGLE (Line Drive, 34) (infield hit)
Batting: RHB António Sánchez 0-0: Sac Bunt - play at second, runner OUT -> throw to first, DP!
Batting: SHB Marx Vink 0-0: Called Strike
0-1: Ball
1-1: Swinging Strike
1-2: Foul Ball, location: 2F
1-2: Strikes out swinging
Bottom of the 9th over - 0 runs, 1 hit, 0 errors, 0 left on base; Greenport 3 - Quebec 2
Friday, March 29th, 2019 - OOTP Baseball 18.8 Build 76